Map: Oxide LE

Players

Neeb

  • Race: Protoss Protoss
  • Spawn Location: 1:00

Stats - Winner!

  • Race: Protoss Protoss
  • Spawn Location: 7:00

Event: IEM Katowice 2021

VOD

Have the link to the VOD?

Description

Time

  • Played on: Feb. 25, 2021, 12:08 p.m.
  • Length: 7:52

All games in this series

Show
View Real Time Build Order
Export as new Build Order

Neeb Protoss 

Build Orders: Phoenix Opening, Blink Stalkers 

Get SALT Encoding   

  12  0:00  Probe  
  13  0:12  Probe  
  14  0:17  Pylon  
  14  0:24  Probe (Chrono Boost)  
  15  0:36  Probe (Chrono Boost)  
  15  0:38  Gateway  
  16  0:45  Probe (Chrono Boost)  
  16  0:46  Assimilator  
  17  0:51  Probe  
  18  1:02  Assimilator  
  18  1:03  Probe (Chrono Boost)  
  19  1:12  Probe (Chrono Boost)  
  19  1:17  Probe (Chrono Boost)  
  20  1:25  Cybernetics Core  
  21  1:29  Probe  
  22  1:33  Pylon  
  22  1:41  Probe  
  23  1:51  Zealot (Chrono Boost)  
  23  1:53  Probe  
  26  1:57  Pylon  
  26  2:05  Probe  
  27  2:10  Warp Gate  
  27  2:17  Stalker (Chrono Boost)  
  27  2:18  Probe  
  30  2:34  Nexus  
  30  2:38  Probe  
  30  2:42  Sentry  
  33  2:49  Gateway  
  33  2:52  Probe  
  34  3:01  Twilight Council  
  34  3:04  Probe  
  33  3:13  Stalker  
  33  3:16  Probe, Phoenix  
  36  3:23  Shield Battery  
  36  3:27  Blink (Chrono Boost)  
  36  3:29  Probe  
  36  3:33  Pylon  
  37  3:43  Probe  
  38  3:52  Probe  
  38  3:55  Probe  
  38  3:58  Gateway  
  38  4:04  Probe (Chrono Boost)  
  38  4:12  Probe (Chrono Boost)  
  38  4:15  Stalker  
  38  4:16  Probe (Chrono Boost)  
  41  4:21  Probe (Chrono Boost)  
  41  4:23  Stalker  
  44  4:25  Probe  
  45  4:33  Probe  
  45  4:37  Probe  
  47  4:39  Stalker  
  47  4:45  Probe  
  50  4:49  Probe  
  51  4:57  Probe  
  51  4:59  Nexus  
  52  5:03  Probe  
  53  5:09  Stalker  
  53  5:10  Stalker  
  53  5:11  Probe  
  58  5:15  Pylon  
  58  5:17  Probe  
  59  5:22  Forge  
  59  5:24  Probe  
  60  5:29  Charge  
  60  5:30  Probe  
  60  5:33  Stalker x2  
  65  5:39  Probe  
  66  5:44  Gateway  
  66  5:46  Protoss Ground Weapons Level 1 (Chrono Boost)  
  66  5:48  Gateway  
  66  6:03  Pylon  
  66  6:05  Stalker, Sentry  
  66  6:10  Pylon  
  70  6:12  Stalker  
  72  6:20  Gateway  
  72  6:21  Shield Battery  
  75  6:32  Gateway  
  72  6:33  Gateway x2  
  72  6:42  Robotics Facility  
  72  6:44  Probe x3  
  72  6:46  Stalker x2  
  79  6:47  Stalker  
  81  6:57  Zealot  
  81  7:00  Pylon  
  83  7:02  Pylon  
  83  7:10  Zealot, Probe x2, Gateway  
  83  7:11  Zealot  
  83  7:12  Pylon  
  89  7:15  Zealot  
  89  7:22  Zealot x2  
  84  7:33  Zealot x3  
  69  7:38  Zealot  
  69  7:43  Zealot x2  
Show
View Real Time Build Order
Export as new Build Order

Stats Protoss - Winner!

Build Orders: Oracle Opening, Blink Stalkers 

Get SALT Encoding   

  12  0:00  Probe  
  13  0:12  Probe  
  14  0:18  Pylon  
  14  0:24  Probe  
  15  0:36  Probe (Chrono Boost)  
  16  0:43  Gateway  
  16  0:47  Probe (Chrono Boost)  
  17  0:50  Assimilator  
  17  0:52  Probe (Chrono Boost)  
  18  1:01  Assimilator  
  18  1:03  Probe (Chrono Boost)  
  19  1:11  Pylon  
  19  1:13  Probe (Chrono Boost)  
  19  1:18  Probe (Chrono Boost)  
  21  1:29  Probe  
  21  1:30  Cybernetics Core  
  22  1:33  Zealot  
  24  1:41  Probe  
  24  1:45  Pylon  
  25  1:53  Probe  
  26  2:05  Probe  
  26  2:06  Adept (Chrono Boost)  
  26  2:07  Stargate  
  29  2:12  Warp Gate  
  29  2:19  Pylon  
  29  2:42  Nexus  
  28  2:52  Oracle (Chrono Boost)  
  28  2:57  Probe  
  32  3:09  Probe  
  31  3:19  Gateway  
  31  3:21  Probe, Twilight Council  
  32  3:32  Forge  
  32  3:33  Probe  
  33  3:47  Probe (Chrono Boost)  
  34  3:54  Probe (Chrono Boost)  
  35  3:58  Blink  
  35  4:02  Assimilator  
  37  4:03  Probe x2 (Chrono Boost)  
  37  4:05  Protoss Ground Weapons Level 1 (Chrono Boost), Sentry  
  37  4:08  Probe (Chrono Boost)  
  39  4:13  Probe (Chrono Boost)  
  41  4:20  Probe (Chrono Boost)  
  43  4:24  Sentry  
  43  4:26  Probe x2 (Chrono Boost)  
  46  4:34  Probe x2  
  48  4:40  Shield Battery  
  48  4:41  Pylon  
  48  4:43  Robotics Facility  
  48  4:45  Stalker  
  50  4:48  Probe x2  
  52  4:53  Stalker  
  52  4:57  Gateway  
  52  4:59  Gateway  
  54  5:06  Probe  
  54  5:07  Probe  
  56  5:11  Stalker  
  58  5:17  Stalker  
  58  5:19  Pylon  
  60  5:21  Pylon  
  60  5:35  Stalker  
  62  5:41  Stalker  
  66  5:43  Immortal (Chrono Boost)  
  68  5:51  Pylon  
  68  6:04  Stalker x3  
  68  6:05  Stalker  
  76  6:12  Pylon  
  76  6:19  Warp Prism (Chrono Boost)  
  76  6:21  Nexus  
  78  6:32  Stalker x3  
  82  6:33  Stalker  
  86  6:40  Probe x2  
  86  6:41  Pylon  
  88  6:48  Observer  
  88  6:52  Probe x2  
  91  7:08  Stalker x4  
  99  7:13  Probe x2  
  98  7:35  Stalker x4  
  94  7:38  Stalker  
  94  7:39  Stalker x2  
  94  7:41  Stalker  

Tags
 
Add a new tag
Caveats
  • Supply blocks, unpowered buildings, or Contaminate may cause inaccurate times.
  • Supply counts are checked every 10 seconds.